Map: 16-Bit LE

Players

HeRoMaRinE - Winner!

  • Race: Terran Terran
  • League: Master
  • Spawn Location: 1:00

HellraiseR

  • Race: Protoss Protoss
  • League: Master
  • Spawn Location: 7:00

Event: HomeStory Cup XVII

VOD

Have the link to the VOD?

Description

Time

  • Played on: June 29, 2018, 6:26 a.m.
  • Length: 7:03

All games in this series

Show
View Real Time Build Order
Export as new Build Order

HeRoMaRinE Terran - Winner!

Build Orders: Reaper Expand, MMM Bio 

Get SALT Encoding   

  12  0:00  SCV  
  13  0:12  SCV  
  14  0:17  Supply Depot  
  14  0:25  SCV  
  15  0:39  SCV  
  15  0:40  Barracks  
  16  0:45  Refinery  
  16  0:51  SCV  
  17  1:03  SCV  
  18  1:15  SCV  
  19  1:28  Reaper  
  19  1:30  Orbital Command  
  20  1:45  Command Center  
  20  1:55  Barracks  
  20  1:59  SCV  
  21  2:03  Barracks Reactor  
  21  2:11  SCV  
  22  2:16  Supply Depot  
  22  2:23  SCV  
  22  2:25  Factory  
  23  2:30  Refinery  
  23  2:38  SCV  
  23  2:40  Marine x2  
  23  2:42  Barracks Tech Lab  
  26  2:50  SCV  
  27  2:56  Orbital Command  
  27  3:02  Stimpack, SCV  
  28  3:06  Marine  
  28  3:07  Marine  
  28  3:09  Marine  
  31  3:14  SCV  
  32  3:22  SCV  
  32  3:24  Marine x2  
  32  3:26  SCV  
  36  3:30  Starport  
  36  3:35  Factory Reactor, Marine  
  36  3:36  SCV  
  36  3:38  SCV  
  36  3:40  Supply Depot  
  39  3:44  Marine x2  
  41  3:52  SCV x2  
  41  3:53  Marine  
  44  3:57  Engineering Bay  
  44  4:02  Marine x2  
  46  4:06  SCV x2  
  48  4:10  Barracks  
  48  4:15  Supply Depot  
  48  4:18  SCV  
  48  4:19  SCV  
  48  4:21  Medivac  
  48  4:23  Medivac  
  54  4:32  SCV  
  54  4:36  Refinery  
  54  4:37  Factory Tech Lab, SCV, Terran Infantry Weapons Level 1  
  55  4:39  Supply Depot  
  55  4:41  Marine x2  
  55  4:44  Marine  
  55  4:45  SCV  
  59  4:49  Missile Turret, SCV  
  59  4:52  Missile Turret  
  60  4:57  SCV  
  61  5:01  Marine x2, SCV  
  61  5:05  Combat Shields  
  61  5:06  Marauder  
  66  5:08  Marauder  
  66  5:12  Supply Depot  
  66  5:14  Supply Depot  
  68  5:21  Marine  
  68  5:22  Marine  
  70  5:33  Supply Depot, Marauder x2  
  70  5:34  Medivac x2  
  78  5:40  Marine x2  
  80  5:49  SCV x2  
  81  5:55  Marauder x2  
  85  5:58  Supply Depot, Marine x2  
  85  6:01  Command Center, Concussive Shells  
  87  6:14  Supply Depot  
  87  6:15  Marine  
  87  6:16  Marine, Marauder x2  
  93  6:19  Medivac x2  
  93  6:21  SCV x2  
  93  6:22  Factory Reactor  
  99  6:36  Marine  
  99  6:37  Marine  
  99  6:38  Marauder x2  
  102  6:40  Barracks  
  102  6:41  SCV, Barracks  
Show
View Real Time Build Order
Export as new Build Order

HellraiseR Protoss 

Build Orders: 1 Gate Expand, Oracle Opening 

Get SALT Encoding   

  12  0:00  Probe  
  13  0:13  Probe  
  14  0:18  Pylon  
  14  0:22  Probe  
  15  0:32  Probe  
  15  0:39  Gateway  
  16  0:43  Probe  
  16  0:48  Assimilator  
  17  0:55  Probe  
  18  1:07  Probe  
  19  1:24  Nexus  
  19  1:26  Probe  
  20  1:35  Cybernetics Core  
  20  1:39  Probe  
  21  1:46  Assimilator  
  21  1:51  Probe  
  22  1:54  Pylon  
  22  2:02  Probe  
  22  2:03  Adept  
  23  2:10  Probe  
  26  2:18  Probe  
  27  2:25  Stargate  
  27  2:29  Probe  
  27  2:32  Adept  
  27  2:36  Probe  
  30  2:37  Probe  
  31  2:46  Probe, Warp Gate  
  31  2:48  Probe  
  33  2:58  Oracle  
  33  3:00  Probe  
  33  3:01  Probe  
  35  3:12  Probe  
  39  3:13  Probe, Pylon  
  39  3:18  Adept  
  42  3:24  Probe  
  42  3:25  Probe  
  44  3:29  Oracle  
  44  3:32  Gateway  
  44  3:40  Probe  
  49  3:43  Gateway  
  49  3:45  Probe  
  49  3:52  Probe  
  49  3:54  Pylon  
  50  3:57  Probe  
  51  4:05  Probe  
  51  4:09  Probe  
  53  4:14  Assimilator x2, Phoenix  
  53  4:17  Probe  
  56  4:21  Probe  
  57  4:29  Probe  
  58  4:33  Probe  
  58  4:37  Twilight Council  
  59  4:38  Forge  
  59  4:41  Probe  
  62  4:45  Protoss Ground Weapons Level 1  
  62  4:46  Pylon  
  62  4:48  Probe, Pylon  
  62  4:51  Blink  
  62  4:52  Nexus  
  61  4:53  Probe  
  62  5:04  Stalker x3  
  68  5:08  Phoenix  
  70  5:23  Probe  
  70  5:24  Probe  
  72  5:33  Stalker x2  
  76  5:36  Probe x2  
  76  5:41  Pylon  
  74  5:49  Pylon  
  73  5:54  Gateway  
  73  5:58  Gateway  
  73  6:00  Sentry x2  
  73  6:02  Gateway  
  73  6:03  Shield Battery  
  73  6:04  Stalker  
  79  6:05  Probe x2  
  79  6:06  Probe  
  79  6:11  Gateway  
  82  6:12  Gateway  
  82  6:17  Probe x2  
  82  6:18  Probe  
  85  6:26  Photon Cannon  
  85  6:27  Sentry, Stalker x2  
  85  6:29  Probe  
  85  6:30  Probe  
  85  6:31  Probe  
  90  6:41  Probe  
  80  6:54  Stalker x4  
Tags
 
Add a new tag
Caveats
  • Supply blocks, unpowered buildings, or Contaminate may cause inaccurate times.
  • Supply counts are checked every 10 seconds.